 Dungeon Crawl Stone Soup version 0.20-a0-700-gbd4582c (webtiles) character file.

14 JNO the Grave Robber (level 2, -4/19 HPs)
             Began as a Vampire Necromancer on Feb 20, 2017.
             Slain by a worm (9 damage)
             ... on level 2 of the Dungeon.
             The game lasted 00:04:03 (1054 turns).

JNO the Grave Robber (Vampire Necromancer)          Turns: 1054, Time: 00:04:04

Health: -4/19      AC:  2    Str:  7    XL:     2   Next: 27%
Magic:  0/5        EV: 12    Int: 17    God:
Gold:   33         SH:  0    Dex: 14    Spells: 4/5 levels left

rFire    . . .     SeeInvis +   g - +0 whip
rCold    + . .     Gourm    .   a - +0 robe
rNeg     + + .     Faith    .   (no shield)
rPois    +         Spirit   .   (no helmet)
rElec    .         Reflect  .   (no cloak)
rCorr    .         Harm     .   (no gloves)
MR       .....                  (no boots)
Stlth    ++++......             (no amulet)
Regen    0.1/turn               (no ring)
MPRegen  0.1/turn               (no ring)

@: very slightly contaminated, regenerating slowly
A: fangs 3, see invisible, unbreathing
a: no special abilities


You were on level 2 of the Dungeon.
You were thirsty.

You visited 1 branch of the dungeon, and saw 2 of its levels.

You collected 33 gold pieces.

Inventory:

Hand Weapons
 d - a +0 club
 g - a +0 whip (weapon)
Armour
 a - a +0 robe (worn)
Scrolls
 j - a scroll of identify {unknown}
 k - a scroll of teleportation {unknown}
 l - a scroll of amnesia {unknown}
Potions
 c - a potion of heal wounds {unknown}
 e - 2 potions of agility {unknown}
 f - a potion of invisibility {unknown}
 h - a potion of degeneration {unknown}
 i - 2 potions of lignification {unknown}
 q - 2 potions of blood
Books
 b - a book of Necromancy

   Spells                             Type                      Level
   a - Pain                           Necromancy                   1
   b - Animate Skeleton               Necromancy                   1
   c - Vampiric Draining              Necromancy                   3
   d - Regeneration                   Charms/Necromancy            3
   e - Animate Dead                   Necromancy                   4
   f - Control Undead                 Necromancy                   4


   Skills:
 - Level 2.1 Dodging
 - Level 4.3 Stealth
 + Level 2.1 Spellcasting
 + Level 4.3 Necromancy


You had 4 spell levels left.
You knew the following spells:

 Your Spells              Type           Power        Failure   Level  Hunger
a - Pain                  Necr           ###.         3%          1    #......


Dungeon Overview and Level Annotations

Branches:
Dungeon (2/15)

Altars:


Innate Abilities, Weirdness & Mutations

You heal slowly.
You have razor-sharp teeth.
You have supernaturally acute eyesight. (SInv)
You can survive without breathing.


Message History

Confirm with . or Enter, or press ? or * to list all spells.
Aiming: Pain
Press: ? - help, Shift-Dir - straight line, f - you, p - worm That beam is likely to hit you.
Continue anyway?
Okay, then.
Casting: Pain
Confirm with . or Enter, or press ? or * to list all spells.
Aiming: Pain
Press: ? - help, Shift-Dir - straight line, f - kobold
Aim: a kobold (moderately wounded, chance to defeat MR: 87%)
The kobold barely resists.
The kobold hits you.
Casting: Pain
Confirm with . or Enter, or press ? or * to list all spells.
Aiming: Pain
Press: ? - help, Shift-Dir - straight line, f/p - kobold
Aim: a kobold (moderately wounded, chance to defeat MR: 87%)
The kobold writhes in agony!
You kill the kobold!
The worm bites you!
You die...

#. #.# #.# #.# .
#.# #. #.#
#.######.#####.##
#........w@.....#
#<....%..###......
##..#..######...##
####.#.(....# .##
#.###.#.###.# #
#####.###..#
#_.#.#.#.#.## #
###.##.#....##.#
#.###.##......#


You could see a worm.

Vanquished Creatures
  A leopard gecko (D:1)
  2 goblins
  2 hobgoblins (D:1)
  A ball python (D:1)
  3 frilled lizards (D:1)
  3 kobolds
  A rat (D:1)
13 creatures vanquished.

Notes
Turn   | Place    | Note
-------+----------+-------------------------------------------
     0 | D:1      | JNO the Vampire Necromancer began the quest for the Orb.
     0 | D:1      | Reached XP level 1. HP: 13/13 MP: 3/3
   747 | D:1      | Reached XP level 2. HP: 17/19 MP: 0/5
  1011 | D:2      | Found a faded altar of an unknown god.
  1054 | D:2      | Slain by a worm

Vault maps used:
D:1:      saegor_arrival_simple_b, serial_bayou_ford_a
D:2:      chequers_ecumenical_altar_grove, minmay_hexomino_r4

Skill      XL: |  1 |
---------------+----+-----
Stealth        | 4 |  4.3
Dodging        | |  2.1
Spellcasting   | |  2.1
Necromancy     | |  4.3

Action                   || total
-------------------------++-------
Melee: Whip              ||    28
       Club              ||     1
 Cast: Pain              ||    16
 Stab: Sleeping          ||     2
Armor: Robe              ||     4
Dodge: Dodged            ||    22
